 Dungeon Crawl Stone Soup version 0.23.1-41-g7e51ed3 (webtiles) character file.

Game seed: 12845778244283472286

128 sagitran the Skirmisher (level 5, 0/42 HPs)
             Began as a Human Wanderer on Mar 29, 2019.
             Slain by a quokka (3 damage)
             ... on level 3 of the Dungeon.
             The game lasted 00:12:06 (2130 turns).

sagitran the Skirmisher (Human Wanderer)            Turns: 2130, Time: 00:12:07

Health: 0/42       AC:  7    Str: 11 (12) XL:     5   Next: 33%
Magic:  6/7        EV: 10    Int: 11      God:
Gold:   200        SH:  0    Dex: 15      Spells: 2/6 levels left

rFire    . . .     SeeInvis .   h - +0 hand axe
rCold    . . .     Gourm    .   (no shield)
rNeg     . . .     Faith    .   c - +0 ring mail
rPois    .         Spirit   .   (no helmet)
rElec    .         Reflect  .   (no cloak)
rCorr    .         Harm     .   j - +1 pair of gloves
MR       .....                  (no boots)
Stlth    +.........             (no amulet)
HPRegen  0.14/turn              (no ring)
MPRegen  0.10/turn              (no ring)

@: very slightly contaminated
A: no striking features
a: no special abilities


You were on level 3 of the Dungeon.
You were not hungry.

You visited 1 branch of the dungeon, and saw 3 of its levels.

You collected 200 gold pieces.

Inventory:

Hand Weapons
 a - a +2 blowgun
 h - a +0 hand axe (weapon)
Missiles
 e - 19 poisoned needles
Armour
 c - a +0 ring mail (worn)
 j - a +1 pair of gloves (worn)
Wands
 b - a wand of clouds (6)
 l - a wand of iceblast (12)
Scrolls
 g - 2 scrolls of amnesia
 k - 2 scrolls of teleportation
 n - a scroll of enchant armour {unknown}
Potions
 d - a potion of degeneration
 i - a potion of mutation {unknown}
 m - a potion of lignification {unknown}
Comestibles
 f - 2 rations


   Skills:
 + Level 4.0 Fighting
 + Level 1.1 Axes
   Level 1.0 Crossbows
 + Level 1.8 Throwing
 + Level 2.1 Armour
 + Level 0.6 Dodging
   Level 1.0 Shields
 + Level 1.4 Spellcasting
 + Level 0.4 Conjurations
 + Level 2.3 Poison Magic


You had 2 spell levels left.
You knew the following spells:

 Your Spells              Type           Power        Failure   Level  Hunger
a - Sting                 Conj/Pois      #...         38%         1    ##.....
b - Mephitic Cloud        Conj/Pois/Air  #.......     83%         3    ####...

Your spell library contained the following spells:

 Spells                   Type           Power        Failure   Level  Hunger


Dungeon Overview and Level Annotations

Branches:
Dungeon (3/15)

Altars:


Message History

You barely miss the quokka.
The quokka is heavily wounded.
The quokka bites you but does no damage.
The quokka barely misses you.
You closely miss the quokka.
The quokka is heavily wounded.
The quokka closely misses you.
You closely miss the quokka.
The quokka is heavily wounded.
The quokka bites you. The quokka barely misses you.
You closely miss the quokka.
The quokka is heavily wounded.
The quokka bites you but does no damage.
The orc priest begins to cast a cantrip, but forgets the words!
The quokka bites you but does no damage.
The orc priest calls down the wrath of Beogh upon you.
Beogh smites you!
* * * LOW HITPOINT WARNING * * *
The quokka bites you.
You die...

....##).♣#....#
...##...##.#..
...#♣..######.
...'..## ...#♣## .#
...# #. .# ...# #.
.# #.##
#####.######'### #.#
#.# .......@.......#
#.# #.#
.......r.......# #.#
#.#
.......o.......#####
#.# #.#
........o#.........#
#.# #.#
.........#.........#
#.# #.#
........o#..........
#.# #.#
#######..###'######
. #.####'#####
##.###.######...
#..........#
#..##..........


You could see an orc priest, 2 orcs and a quokka.

Vanquished Creatures
  A crimson imp (D:3)
  3 adders
  An ooze (D:1)
  2 worms (D:2)
  A dart slug (D:2)
  A leopard gecko (D:3)
  2 orcs (D:3)
  2 giant cockroaches
  7 goblins
  7 hobgoblins
  3 jackals (D:2)
  A quokka (D:2)
  A ball python (D:2)
  3 bats
  A frilled lizard (D:2)
  5 kobolds
  10 rats
51 creatures vanquished.

Notes
Turn   | Place    | Note
-------+----------+-------------------------------------------
     0 | D:1      | sagitran the Human Wanderer began the quest for the Orb.
     0 | D:1      | sagitran set off with the following items: a +2 blowgun, 4
                  | curare-tipped needles, a +0 ring mail, a ration; and the
                  | following spell memorised: Sting; and the following spells
                  | available to memorise: Mephitic Cloud
     0 | D:1      | Reached XP level 1. HP: 18/18 MP: 2/2
    66 | D:1      | Reached XP level 2. HP: 13/24 MP: 3/3
   345 | D:1      | Reached XP level 3. HP: 29/29 MP: 4/4
   472 | D:1      | Learned a level 3 spell: Mephitic Cloud
  1012 | D:2      | Reached XP level 4. HP: 31/37 MP: 5/5
  1722 | D:3      | Reached XP level 5. HP: 14/42 MP: 3/7
  1938 | D:3      | Reached skill level 4 in Fighting
  1990 | D:3      | Reached skill level 1 in Axes
  2130 | D:3      | Slain by a quokka

Skill      XL: |  1  2  3  4  5 |
---------------+----------------+-----
Armour         | 2 |  2.1
Fighting       | 4 |  4.0
Axes           | 1 |  1.1
Crossbows      | |  1.0
Throwing       | |  1.8
Dodging        | |  0.6
Shields        | |  1.0
Spellcasting   | |  1.4
Conjurations   | |  0.4
Poison Magic   | |  2.3

Action                   |  1- 3 |  4- 6 || total
-------------------------+-------+-------++-------
Melee: Unarmed           |    45 |       ||    45
       Hand axe          |    41 |    83 ||   124
 Fire: Blowgun           |    25 |       ||    25
 Cast: Sting             |    11 |    22 ||    33
  Use: Scroll            |     5 |     1 ||     6
       Potion            |       |     3 ||     3
  Eat: Ration            |       |     2 ||     2
Armor: Ring mail         |    51 |    56 ||   107
Dodge: Dodged            |    76 |    74 ||   150
